 Dungeon Crawl Stone Soup version 0.28-a0-1493-g08698888e4 (webtiles) character file.

Game seed: 6033801435322983505

75 parzival7114810 the Skirmisher (level 4, -1/40 HPs)
             Began as a Hill Orc Fighter on Jan 12, 2022.
             Slain by Robin (3 damage)
             ... on level 2 of the Dungeon.
             The game lasted 00:03:40 (1964 turns).

parzival7114810 the Skirmisher (Hill Orc Fighter)   Turns: 1964, Time: 00:03:41

Health: -1/40      AC:  7    Str: 20    XL:     4   Next: 31%
Magic:  4/4        EV:  9    Int:  8    God:
Gold:   29         SH:  4    Dex: 10    Spells: 3/3 levels left

rFire   . . .      SeeInvis .   a - +0 war axe (freeze)
rCold   . . .      Faith    .   c - +0 buckler
rNeg    . . .      Spirit   .   b - +0 scale mail
rPois   .          Reflect  .   (no helmet)
rElec   .          Harm     .   (no cloak)
rCorr   .          Rampage  .   (no gloves)
Will    .....                   (no boots)
Stlth   ..........              (no amulet)
HPRegen 0.13/turn               (no ring)
MPRegen 0.09/turn               (no ring)

@: mighty
A: no striking features
a: no special abilities


You were on level 2 of the Dungeon.
You visited 1 branch of the dungeon, and saw 2 of its levels.

You collected 29 gold pieces.

Inventory:

Hand Weapons
 a - a +0 war axe of freezing (weapon)
Armour
 b - a +0 scale mail (worn)
 c - a +0 buckler (worn)
Scrolls
 f - a scroll of amnesia
Potions
 e - a potion of heal wounds {unknown}
 g - a potion of degeneration


   Skills:
 + Level 4.3 Fighting
 + Level 3.6 Axes
 + Level 3.7 Armour
 + Level 1.1 Dodging
 + Level 0.1 Stealth
 + Level 3.6 Shields


You had 3 spell levels left.
You didn't know any spells.
Your spell library was empty.

Dungeon Overview and Level Annotations

Branches:
Dungeon (2/15)

Altars:

Shops:
D:1 ?

Annotations:
D:2 Robin


Message History

Things that are here:
a +0 club; a goblin corpse Unknown command.
You slash Jessica! You freeze Jessica.
You kill Jessica!
You slash Robin! You freeze Robin. Robin hits you but does no damage.
You have reached level 4!
You block Robin's attack.
Things that are here:
a +0 club; a +0 robe; a viscous golden potion Robin hits you but does no damage.
Things that are here:
a +0 club; a goblin corpse Robin hits you but does no damage.
Unknown command.
You completely miss Robin.
Robin is almost dead.
Robin hits you but does no damage. Robin closely misses you.
Robin hits you but does no damage. Robin hits you but does no damage.
Things that are here:
a +0 dagger; a +0 club; a goblin corpse Robin barely misses you.
Things that are here:
a +0 club; a goblin corpse Robin hits you from afar with a +0 spear.
* * * LOW HITPOINT WARNING * * *
Things that are here:
a +0 dagger; a +0 club; a goblin corpse Robin hits you but does no damage.
Things that are here:
a +0 club; a +0 dagger; a goblin corpse Robin barely misses you.
There is a stone staircase leading up here.
Robin hits you with a +0 spear.
* * * LOW HITPOINT WARNING * * *
Things that are here:
a +0 club; a goblin corpse Robin hits you with a +0 spear.
You die...

...##.#..##
#.........#
#...$.....#
#.........#
#.........#
#.........#
#.........#
#....g..?.#
#....@))).#
#....)<)).#
#.....))..#
###########


You could see Robin.

Vanquished Creatures
  Jessica (D:2)
  An adder (D:2)
  A dart slug (D:1)
  3 bats (D:1)
  2 giant cockroaches
  13 goblins
  4 hobgoblins (D:1)
  2 quokkas
  2 ball pythons (D:1)
  A frilled lizard (D:1)
  A kobold (D:2)
  3 rats (D:1)
34 creatures vanquished.

Notes
Turn   | Place    | Note
-------+----------+-------------------------------------------
     0 | D:1      | parzival7114810 the Hill Orc Fighter began the quest for
                  | the Orb.
     0 | D:1      | Reached XP level 1. HP: 19/19 MP: 1/1
   161 | D:1      | Found Uburysch's Magic Scroll Emporium.
   218 | D:1      | Reached XP level 2. HP: 27/27 MP: 2/2
  1690 | D:1      | Found a faded altar of an unknown god.
  1935 | D:2      | Noticed Robin
  1940 | D:2      | Noticed Jessica
  1941 | D:2      | Reached skill level 4 in Fighting
  1941 | D:2      | Reached XP level 3. HP: 33/33 MP: 3/3
  1949 | D:2      | Reached skill level 1 in Dodging
  1952 | D:2      | Killed Jessica
  1953 | D:2      | Reached XP level 4. HP: 3/40 MP: 4/4
  1963 | D:2      | HP: 2/40 [Robin (1)]
  1964 | D:2      | Slain by Robin

Illustrated notes

Levels and vault maps discovered:
D:1:      minmay_arrival_loop, layout_basic, serial_shops, nicolae_shop_crystal,
          basic_ecumenical_altar, minmay_distorted
D:2:      layout_rooms, chequers_serial_rivers_micro_d, uniq_crazy_yiuf_cottage,
          uniq_robin, uniq_jessica

Skill      XL: |  1  2  3 |
---------------+----------+-----
Axes           | 3 |  3.6
Fighting       | 4 |  4.3
Dodging        | 1 |  1.1
Armour         | |  3.7
Stealth        | |  0.1
Shields        | |  3.6

Action                   |  1- 3 |  4- 6 || total
-------------------------+-------+-------++-------
Melee: War axe           |    63 |     1 ||    64
  Use: Scroll            |     4 |       ||     4
       Potion            |     1 |       ||     1
Armor: Scale mail        |   117 |     6 ||   123
Dodge: Dodged            |   114 |     3 ||   117
Block: Buckler           |    42 |     1 ||    43

Table legend: (Time is in decaauts)
 A = Elapsed time spent in this place.
 B = Non-inter-level travel time spent in this place.
 C = Inter-level travel time spent in this place.
 D = Time resting spent in this place.
 E = Time spent auto-exploring this place.
 F = Levels seen in this place.
 G = Mean time per level.
                   A        B        C        D        E       F      G
               +--------+--------+--------+--------+--------+-----+--------+
         Total |   1987 |   1987 |      0 |   1177 |    352 |   2 |  993.5 |
       Dungeon |   1987 |   1987 |      0 |   1177 |    352 |   2 |  993.5 |
               +--------+--------+--------+--------+--------+-----+--------+

Top non-repeatable levels by time:
     D:1: 1955 daAuts
     D:2: 32 daAuts
